 Dungeon Crawl Stone Soup version 0.23.2-40-g277498a001 (webtiles) character file.

Game seed: 12428079790267081199

3934 Curus the Spear-Bearer (level 10, -3/74 HPs)
             Began as a Merfolk Abyssal Knight on Oct 20, 2019.
             Was a Priest of Lugonu.
             Killed from afar by a wizard (30 damage)
             ... with a bolt of lightning
             ... on level 7 of the Dungeon.
             The game lasted 00:28:29 (5816 turns).

Curus the Spear-Bearer (Merfolk Abyssal Knight)     Turns: 5816, Time: 00:28:30

Health: -3/74      AC:  9    Str: 12 (13) XL:     10   Next: 21%
Magic:  19/19      EV: 14    Int: 12      God:    Lugonu [***...]
Gold:   344        SH:  0    Dex: 14 (18) Spells: 9/9 levels left

rFire    + . .     SeeInvis .   j - +1 trident
rCold    . . .     Gourm    .   (no shield)
rNeg     + . .     Faith    .   i - +2 leather armour {rF+}
rPois    .         Spirit   .   h - +0 helmet
rElec    .         Reflect  .   n - +0 cloak
rCorr    .         Harm     .   (no gloves)
MR       .....                  (no boots)
Stlth    +.........             e - amulet of rage
HPRegen  0.22/turn              m - +1 ring of slaying
MPRegen  0.16/turn              p - ring of positive energy

@: no status effects
A: change form in water, swift swim, stealthy swim, yellow scales 1, agile 1
a: Depart the Abyss, Bend Space, Banish, Renounce Religion, Evoke Berserk Rage


You were on level 7 of the Dungeon.
You worshipped Lugonu.
Lugonu was most pleased with you.
You were very hungry.

You visited 1 branch of the dungeon, and saw 7 of its levels.
You visited the Abyss 3 times.

You collected 344 gold pieces.

Inventory:

Hand Weapons
 a - a +3 spear
 j - a +1 trident (weapon)
Armour
 b - a +1 leather armour
 h - a +0 helmet (worn)
 i - a +2 leather armour of fire resistance (worn)
 n - a +0 cloak (worn)
Jewellery
 e - an amulet of rage (around neck)
 k - an uncursed ring of ice
 m - a +1 ring of slaying (left hand)
 p - a ring of positive energy (right hand)
Wands
 q - a wand of iceblast (9)
 r - a wand of digging (18)
 s - a wand of clouds (2)
Scrolls
 d - 6 scrolls of remove curse
 f - 3 scrolls of identify
 g - 5 scrolls of teleportation
Potions
 l - 4 potions of curing
 o - a potion of heal wounds
Comestibles
 c - 11 rations


   Skills:
 + Level 5.1 Fighting
 - Level 14.0 Polearms
 - Level 0.6 Armour
 + Level 5.3 Dodging
 - Level 13.0 Invocations


You had 9 spell levels left.
You didn't know any spells.
Your spell library was empty.

Dungeon Overview and Level Annotations

Branches:
Dungeon (7/15)             Temple (0/1) D:5

Altars:
Ashenzari
Cheibriados
Dithmenos
Nemelex Xobeh
Ru
Sif Muna

Annotations:
Abyss:1 Grinder


Innate Abilities, Weirdness & Mutations

You revert to your normal form in water You are very nimble and swift while swimming.
You are very stealthy in the water. (Stealth+)
You are partially covered in yellow scales. (AC +2)
You are agile. (Dex +2)


Message History

The wizard is lightly wounded.
You closely miss the wizard.
The wizard is lightly wounded.
The wizard points at you and mumbles some strange words.
You resist with significant effort.
You puncture the wizard!
The wizard is heavily wounded.
You miss the wizard.
The wizard is heavily wounded.
The wizard barely misses you.
You hit the wizard.
The wizard is heavily wounded.
The wizard barely misses you.
You closely miss the wizard.
The wizard is heavily wounded.
You puncture the wizard!
The wizard is severely wounded.
The wizard gestures at you while chanting.
The bolt of lightning misses you. The bolt of lightning hits you!!
You die...

.........##.#
............#
..........###
#...####..[## ###
####.## #..## ####
##..####..# ### ####
##p.#..###
..###..###
####@..###
.........####.....##
####..†...........#
#...[......###.#
#######.#### ### ###


You could see a wizard.

Vanquished Creatures
  Sigmund (D:6)
  2 sky beasts
  A phantom (D:5)
  3 ogres
  3 centaurs
  Blork the orc (D:6)
  2 bullfrogs
  A scorpion (D:7)
  2 howler monkeys (D:4)
  2 crimson imps (D:6)
  A jelly (D:5)
  3 orc priests
  Crazy Yiuf (D:6)
  2 orc wizards
  An iguana (D:4)
  3 worker ants
  2 hound skeletons
  3 worker ant zombies
  3 gnolls
  9 adders
  3 adder skeletons
  2 worms
  5 dart slugs
  8 leopard geckos
  15 orcs
  8 bats
  4 giant cockroaches
  6 goblins
  5 hobgoblins
  2 jackals (D:2)
  4 quokkas
  2 ball pythons (D:3)
  2 frilled lizards
  A giant cockroach zombie (D:6)
  13 kobolds
  A leopard gecko skeleton (D:7)
  A quokka skeleton (D:7)
  5 rats
  A fungus (D:6)
134 creatures vanquished.

Vanquished Creatures (others)
  A wizard (D:7)
  An orc sorcerer (D:7)
  An orc warrior (D:3)
  An ogre (D:4)
4 creatures vanquished.

Grand Total: 138 creatures vanquished

Notes
Turn   | Place    | Note
-------+----------+-------------------------------------------
     0 | Abyss:1  | Curus the Merfolk Abyssal Knight began the quest for the
                  | Orb.
     0 | Abyss:1  | Reached XP level 1. HP: 18/18 MP: 2/2
    48 | Abyss:1  | Found a corrupted altar of Lugonu.
    63 | D:1      | Escaped the Abyss
    96 | D:1      | Gained mutation: You are partially covered in yellow
                  | scales. (AC +2) [potion of mutation]
    96 | D:1      | Gained mutation: You are agile. (Dex +2) [potion of
                  | mutation]
   132 | D:1      | Reached XP level 2. HP: 22/24 MP: 3/3
   554 | D:1      | Reached skill level 4 in Polearms
   760 | D:1      | Reached XP level 3. HP: 29/29 MP: 5/5
   862 | D:2      | Found a shadowy altar of Dithmenos.
   944 | D:2      | Reached ** piety under Lugonu
  1088 | D:2      | Reached XP level 4. HP: 35/35 MP: 6/6
  1450 | D:2      | Found a deep blue altar of Sif Muna.
  1576 | D:2      | Reached skill level 5 in Polearms
  1742 | D:3      | Noticed an orc warrior
  2105 | D:3      | Reached XP level 5. HP: 28/41 MP: 8/8
  2293 | D:3      | Reached skill level 6 in Polearms
  2392 | D:2      | Reached *** piety under Lugonu
  2392 | D:2      | Reached XP level 6. HP: 10/47 MP: 9/9
  3042 | D:4      | Reached skill level 5 in Invocations
  3076 | D:4      | Reached skill level 7 in Polearms
  3166 | D:3      | Banished an orc warrior
  3356 | D:4      | HP: 1/47 [ogre/+0 giant spiked club (9)]
  3357 | D:4      | Reached XP level 7. HP: 2/52 MP: 11/11
  3796 | D:4      | Found a sacrificial altar of Ru.
  3835 | D:4      | Reached skill level 8 in Polearms
  4075 | D:5      | Entered Level 5 of the Dungeon
  4075 | D:5      | Noticed Grinder
  4076 | D:5      | Banished Grinder
  4106 | D:5      | Found a snail-covered altar of Cheibriados.
  4130 | D:5      | Reached skill level 9 in Polearms
  4203 | D:5      | Found a shattered altar of Ashenzari.
  4345 | D:5      | Reached XP level 8. HP: 39/58 MP: 13/13
  4356 | D:5      | Found a staircase to the Ecumenical Temple.
  4390 | D:5      | Reached skill level 10 in Polearms
  4938 | D:6      | Noticed Blork the orc
  4952 | D:6      | Killed Blork the orc
  4955 | D:6      | Reached skill level 13 in Polearms
  4955 | D:6      | Reached XP level 9. HP: 50/64 MP: 13/18
  5278 | D:6      | Reached skill level 14 in Polearms
  5290 | D:6      | Noticed Sigmund
  5319 | D:6      | Killed Sigmund
  5410 | D:6      | Found a runed translucent door.
  5411 | D:6      | Noticed Crazy Yiuf
  5417 | D:6      | Killed Crazy Yiuf
  5498 | D:7      | Reached **** piety under Lugonu
  5586 | D:7      | Reached XP level 10. HP: 54/71 MP: 19/19
  5606 | D:7      | Found a sparkling altar of Nemelex Xobeh.
  5680 | D:7      | Noticed an orc sorcerer
  5681 | D:7      | Noticed a wizard
  5681 | D:7      | Noticed a wizard
  5683 | D:7      | Banished an orc sorcerer
  5689 | D:7      | Cast into level 2 of the Abyss (a wizard)
  5740 | D:7      | Escaped the Abyss
  5755 | D:7      | Killed a wizard
  5755 | D:7      | Reached skill level 5 in Fighting
  5755 | D:7      | Reached skill level 5 in Dodging
  5773 | D:7      | Cast into level 2 of the Abyss (a wizard)
  5773 | Abyss:2  | Found a corrupted altar of Lugonu.
  5789 | Abyss:2  | Noticed a smoke demon
  5798 | D:7      | Escaped the Abyss
  5816 | D:7      | Killed from afar by a wizard

Skill      XL: |  1  2  3  4  5  6  7  8  9 10 |
---------------+-------------------------------+-----
Polearms       | 4 5 6 7 9 13 14 | 14.0
Invocations    | 3 4 5 7 12 13 | 13.0
Dodging        | 4 5 |  5.3
Fighting       | 4 5 |  5.1
Armour         | |  0.6

Action                   |  1- 3 |  4- 6 |  7- 9 | 10-12 || total
-------------------------+-------+-------+-------+-------++-------
Melee: Spear             |    82 |   223 |       |       ||   305
       Trident           |       |    26 |   335 |    69 ||   430
Invok: Banish            |       |     1 |     2 |     1 ||     4
       Depart the Abyss  |       |       |       |     2 ||     2
  Use: Potion            |     3 |     1 |     4 |       ||     8
       Scroll            |     4 |     5 |     2 |     1 ||    12
 Stab: Sleeping          |     2 |     2 |     3 |       ||     7
       Distracted        |       |       |       |     1 ||     1
  Eat: Chunk             |       |     5 |     4 |       ||     9
       Ration            |       |     1 |     1 |       ||     2
Armor: Leather armour    |    20 |    59 |    60 |    24 ||   163
Dodge: Dodged            |    36 |   120 |   152 |    27 ||   335
